 Dungeon Crawl Stone Soup version 0.30-a0-918-g0ff054e9dc (webtiles) character file.

Game seed: 7052987332260398364

1277 Dirtsage the Cleaver (level 8, -11/58 HPs)
             Began as a Demonspawn Berserker on Mar 20, 2023.
             Was a Believer of Trog.
             Killed from afar by an electric eel (12 damage)
             ... with a bolt of electricity
             ... on level 6 of the Dungeon.
             The game lasted 00:07:24 (4895 turns).

Dirtsage the Cleaver (Demonspawn Berserker)         Turns: 4895, Time: 00:07:24

Health: -11/58     AC: 14    Str: 25    XL:     8   Next: 29%
Magic:  0/8        EV:  7    Int:  8    God:    Trog [**....]
Gold:   249        SH:  0    Dex: 14    Spells: 7/7 levels left

rFire   . . .      SeeInvis .    F - +0 war axe
rCold   . . .      Faith    .    (no shield)
rNeg    . . .      Spirit   +    r - +0 plate armour
rPois   .          Reflect  .    (no helmet)
rElec   .          Rampage  .    (no cloak)
rCorr   .                        w - +0 pair of gloves
Will    .....                    o - +0 pair of boots Stlth
                                 p - amulet of guardian spirit
HPRegen 0.29/turn                y - +6 ring of strength
MPRegen 0.11/turn                (no ring)

@: no status effects
A: icy blue scales 1, demonic guardian 1, powered by pain 1, weakness stinger 1
a: Renounce Religion, Berserk, Trog's Hand


You were on level 6 of the Dungeon.
You worshipped Trog.
Trog was pleased with you.
You visited 2 branches of the dungeon, and saw 7 of its levels.

You collected 249 gold pieces.

Inventory:

Hand Weapons
 a - a +0 hand axe
 C - a +0 flail of draining
 F - a +0 war axe (weapon)
Armour
 d - a +0 ring mail
 o - a +0 pair of boots (worn)
 r - a +0 plate armour (worn)
 w - a +0 pair of gloves (worn)
Jewellery
 p - an amulet of guardian spirit (around neck)
 y - a +6 ring of strength (left hand)
Scrolls
 c - 2 scrolls of vulnerability {unknown}
 e - a scroll of immolation {unknown}
 h - 2 scrolls of enchant armour {unknown}
 j - a scroll of teleportation {unknown}
 l - 9 scrolls of identify {unknown}
 v - a scroll of fog {unknown}
 B - a scroll of noise {unknown}
 E - a scroll of torment {unknown}
Potions
 b - a potion of magic {unknown}
 f - 4 potions of brilliance {unknown}
 g - 3 potions of heal wounds {unknown}
 i - 2 potions of degeneration {unknown}
 k - 2 potions of cancellation {unknown}
 m - 2 potions of resistance {unknown}
 n - a potion of flight {unknown}
 q - a potion of ambrosia {unknown}
 s - a potion of curing {unknown}
 t - a potion of mutation {unknown}
 u - 4 potions of attraction {unknown}
 x - a potion of invisibility {unknown}
 z - a potion of berserk rage {unknown}
 A - a potion of lignification {unknown}
 D - a potion of might {unknown}


   Skills:
 - Level 3.0 Fighting
 + Level 9.7 Axes
 - Level 1.7 Armour
 - Level 1.7 Dodging


You had 7 spell levels left.
You didn't know any spells.
Your spell library contained the following spells:

 Spells                   Type           Power      Damage    Failure   Level
 Blink                    Tloc           0%         N/A       100%        2
 Portal Projectile        Hex/Tloc       0%         N/A       100%        3
 Tukima's Dance           Hex            0%         N/A       100%        3
 Manifold Assault         Tloc           0%         N/A       100%        4
 Blade Hands              Tmut           0%         N/A       100%        5
 Storm Form               Tmut/Air       0%         N/A       100%        7


Dungeon Overview and Level Annotations

Branches:
Dungeon (6/15)             Temple (1/1) D:5

Altars:
Ashenzari
Cheibriados
Dithmenos
Gozag
Hepliaklqana
Kikubaaqudgha
Makhleb
Nemelex Xobeh
Okawaru
Qazlal
Ru
Sif Muna
Trog
Uskayaw
Vehumet
Xom
Yredelemnul


Innate Abilities, Weirdness & Mutations

You are partially covered in icy blue scales. (AC +2)
A weak demonic guardian rushes to your aid.
You sometimes gain a little power by taking damage.
You have a small tail.


Message History

The bolt of electricity hits you!
* * * LOW HITPOINT WARNING * * *
You take 7 damage, and have 13/58 hp.
You now have 2/8 mp.
You hit the electric eel.
You kill the electric eel!
Trog accepts your kill.
An electric eel comes into view.
What are your orders? t - Shout!
Orders for allies: a - Attack new target. r - Retreat! s - Stop attacking. g - Guard the area. f - Follow me.
Anything else - Cancel.
Gang up on whom?
Press: ? - help, Dir - move target, f - electric eel
Aim: an electric eel Attack!
The electric eel shoots out a bolt of lightning at you!
The bolt of electricity hits your shadow imp!
Your shadow imp dies!
Your shadow imp disappears in a puff of smoke!
The bolt of electricity hits you.
* * * LOW HITPOINT WARNING * * *
You take 1 damage, and have 12/58 hp.
You now have 2/8 mp.
The electric eel shoots out a bolt of lightning at you!
The bolt of electricity hits you!
* * * LOW HITPOINT WARNING * * *
A demonic guardian appears!
You take 5 damage, and have 7/58 hp.
You now have 1/8 mp.
The electric eel shoots out a bolt of lightning at you!
The bolt of electricity hits you.
* * * LOW HITPOINT WARNING * * *
There is a stone staircase leading up here.
You take 6 damage, and have 1/58 hp.
The electric eel shoots out a bolt of lightning at you!
The bolt of electricity hits your shadow imp!
Your shadow imp dies!
Your shadow imp disappears in a puff of smoke!
The bolt of electricity hits you!
You die...

.. .# #.
.. #. .#
#. . #
#.#..#
#..#.###.#
#.........
#.@# #..#
#..# ###§#
#...#
#.~~~~S♣♣
♣P~♣♣~~♣
~~~ ~~~~ ♣
~~~~≈


You could see an electric eel.

Vanquished Creatures
  Menkaure (D:6)
  Edmund (D:5)
  A black bear (D:5)
  An ogre (D:4)
  A centaur (D:5)
  2 phantoms
  A scorpion (D:5)
  An electric eel (D:6)
  2 gnoll boudas (D:6)
  3 hounds
  3 iguanas
  A sleepcap (D:5)
  2 orc wizards (D:5)
  7 gnolls (D:6)
  6 adders
  A dart slug (D:1)
  7 orcs
  6 endoplasms (D:1)
  A giant cockroach (D:1)
  4 goblins
  12 hobgoblins
  10 jackals
  3 quokkas
  4 ball pythons
  3 bats
  2 frilled lizards
  7 kobolds
  2 rats
95 creatures vanquished.

Vanquished Creatures (collateral kills)
  A hound (D:6)
  A gnoll (D:6)
2 creatures vanquished.

Grand Total: 97 creatures vanquished

Notes
Turn   | Place    | Note
-------+----------+-------------------------------------------
     0 | D:1      | Dirtsage the Demonspawn Berserker began the quest for the
                  | Orb.
     0 | D:1      | Reached XP level 1. HP: 18/18 MP: 1/1
    64 | D:1      | Reached skill level 3 in Axes
   247 | D:1      | Gained mutation: You are partially covered in icy blue
                  | scales. (AC +2) [demonic ancestry]
   247 | D:1      | Reached XP level 2. HP: 7/24 MP: 2/2
   670 | D:1      | Reached XP level 3. HP: 27/29 MP: 3/3
   974 | D:2      | Reached skill level 4 in Axes
  1449 | D:2      | Found a faded altar of an unknown god.
  1566 | D:3      | Reached ** piety under Trog
  1953 | D:3      | Found a broken altar of Ashenzari.
  2077 | D:3      | Found a hazy altar of Hepliaklqana.
  2083 | D:3      | Found a shadowy altar of Dithmenos.
  2091 | D:3      | Found a sacrificial altar of Ru.
  2158 | D:3      | Reached XP level 4. HP: 24/35 MP: 2/4
  2502 | D:4      | Noticed an ogre
  2512 | D:4      | Killed an ogre
  2513 | D:4      | Reached skill level 5 in Axes
  2513 | D:4      | Reached XP level 5. HP: 41/41 MP: 5/5
  3143 | D:5      | Entered Level 5 of the Dungeon
  3189 | D:5      | Noticed a black bear
  3197 | D:5      | Killed a black bear
  3198 | D:5      | Reached skill level 6 in Axes
  3198 | D:5      | Gained mutation: A weak demonic guardian rushes to your
                  | aid. [demonic ancestry]
  3198 | D:5      | Reached XP level 6. HP: 47/47 MP: 6/6
  3308 | D:5      | Found a staircase to the Ecumenical Temple.
  3333 | Temple   | Entered the Ecumenical Temple
  3498 | D:5      | Noticed Edmund
  3505 | D:5      | Reached skill level 7 in Axes
  3509 | D:5      | Killed Edmund
  3510 | D:5      | Gained mutation: You have a small tail. [demonic ancestry]
  3510 | D:5      | Reached XP level 7. HP: 52/52 MP: 5/7
  3813 | D:5      | Reached skill level 8 in Axes
  4271 | D:6      | Noticed Menkaure
  4277 | D:6      | Killed Menkaure
  4366 | D:6      | Reached skill level 9 in Axes
  4366 | D:6      | Gained mutation: You sometimes gain a little power by
                  | taking damage. [demonic ancestry]
  4366 | D:6      | Reached XP level 8. HP: 35/58 MP: 4/8
  4402 | D:6      | Reached *** piety under Trog
  4894 | D:6      | HP: 1/58 [electric eel/bolt of electricity (6)]
  4895 | D:6      | Killed from afar by an electric eel

Illustrated notes

Levels and vault maps discovered:
D:1:      spicycebolla_green_bress_n_ham, layout_basic, minmay_distorted
D:2:      layout_loops_ring, dilly_ecumenical_altar_fadedgnrine
D:3:      layout_loops_corners, nicolae_ashenzari_skybound, minitemple
D:4:      layout_rooms, minmay_misc_feat_plants, kennysheep_donut
D:5:      layout_basic, minmay_temple_entry_large_hall, uniq_edmund
D:6:      layout_basic, hangedman_glass_teeth, serial_bayou_lake_a, uniq_maggie,
          uniq_menkaure, uniq_sigmund
Temple:   eino_wide_crystal_templ

Skill      XL: |  1  2  3  4  5  6  7 |
---------------+----------------------+-----
Axes           | 3 4 5 6 7 9 |  9.7
Fighting       | |  3.0
Armour         | |  1.7
Dodging        | |  1.7

Action                     |  1- 3 |  4- 6 |  7- 9 || total
---------------------------+-------+-------+-------++-------
  Melee: Hand axe          |   134 |   115 |   108 ||   357
         Tailslap          |       |       |    17 ||    17
         Punch             |       |       |     2 ||     2
         War axe           |       |       |     6 ||     6
 Invoke: Berserk           |     1 |     3 |     3 ||     7
 Armour: Ring mail         |    59 |    14 |       ||    73
         Plate armour      |       |    44 |    54 ||    98
  Dodge: Dodged            |   105 |    49 |    32 ||   186

Table legend: (Time is in decaauts)
 A = Elapsed time spent in this place.
 B = Non-inter-level travel time spent in this place.
 C = Inter-level travel time spent in this place.
 D = Time resting spent in this place.
 E = Time spent auto-exploring this place.
 F = Levels seen in this place.
 G = Mean time per level.
                   A        B        C        D        E       F      G
               +--------+--------+--------+--------+--------+-----+--------+
         Total |   4966 |   4677 |    289 |    657 |   3306 |   7 |  709.4 |
       Dungeon |   4870 |   4589 |    281 |    657 |   3232 |   6 |  811.7 |
        Temple |     95 |     87 |      8 |      0 |     74 |   1 |   95.0 |
               +--------+--------+--------+--------+--------+-----+--------+

Top non-repeatable levels by time:
     D:3: 965 daAuts
     D:5: 956 daAuts
     D:1: 914 daAuts
     D:4: 755 daAuts
     D:6: 643 daAuts
     D:2: 635 daAuts
  Temple: 95 daAuts
